 Dungeon Crawl Stone Soup version 0.21-a0-52-gbf49515 (webtiles) character file.

66 mopl the Ruffian (level 3, -4/35 HPs)
             Began as a Troll Wanderer on June 13, 2017.
             Slain by a gnoll
             ... wielding a +0 spear
              (8 damage)
             ... on level 2 of the Dungeon.
             The game lasted 00:02:40 (1375 turns).

mopl the Ruffian (Troll Wanderer)                   Turns: 1375, Time: 00:02:40

Health: -4/35      AC:  5    Str: 23    XL:     3   Next: 96%
Magic:  3/3        EV:  9    Int:  2    God:
Gold:   114        SH:  0    Dex: 11    Spells: 3/4 levels left

rFire    . . .     SeeInvis .     - Unarmed
rCold    . . .     Gourm    +   (no shield)
rNeg     . . .     Faith    .   d - +0 robe
rPois    .         Spirit   .   (helmet restricted)
rElec    .         Reflect  .   (no cloak)
rCorr    .         Harm     .   (gloves unavailable)
MR       .....                  (boots unavailable)
Stlth    +.........             (no amulet)
Regen    0.6/turn               k - -4 ring of intelligence (curse)
MPRegen  0.1/turn               i - +2 ring of strength

@: no status effects
A: unfitting armour, claws 3, fast metabolism 3, gourmand, regeneration 1,
shaggy fur 1, tough skin 2
a: no special abilities


You were on level 2 of the Dungeon.
You were completely stuffed.

You visited 1 branch of the dungeon, and saw 2 of its levels.

You collected 114 gold pieces.

Inventory:

Armour
 d - a +0 robe (worn)
 o - a +1 robe of the Archmagi
Jewellery
 i - a +2 ring of strength (right claw)
 k - a cursed -4 ring of intelligence (left claw)
Scrolls
 e - a scroll of remove curse {unknown}
 m - 3 scrolls of identify {unknown}
 p - a scroll of amnesia {unknown}
 r - a scroll of teleportation {unknown}
 s - a scroll of enchant weapon {unknown}
Potions
 h - a potion of curing {unknown}
 l - a potion of berserk rage {unknown}
Books
 a - a book of Battle

   Spells                             Type                      Level
   a - Infusion                       Charms                       1
   b - Shroud of Golubria             Charms/Translocation         2
   c - Song of Slaying                Charms                       2
   d - Spectral Weapon                Hexes/Charms                 3
   e - Regeneration                   Charms/Necromancy            3
 b - the Compendium of Air

   Spells                             Type                      Level
   a - Shock                          Conjuration/Air              1
   b - Mephitic Cloud                 Conjuration/Poison/Air       3
 c - Soblayj's Collected Works on Translocation

   Spells                             Type                      Level
   a - Apportation                    Translocation                1
   b - Teleport Other                 Translocation                3
Comestibles
 f - 3 meat rations
 g - 3 bread rations
 j - 2 fruits
 n - a royal jelly
 q - a chunk of flesh


   Skills:
 + Level 1.9 Fighting
 + Level 1.4 Throwing
 - Level 1.0 Stealth
   Level 1.0 Shields
 * Level 2.6 Unarmed Combat
 - Level 1.2 Spellcasting
   Level 1.0 Charms
   Level 1.3 Ice Magic


You had 3 spell levels left.
You knew the following spells:

 Your Spells              Type           Power        Failure   Level  Hunger
a - Apportation           Tloc           #.....       52%         1    ##.....


Dungeon Overview and Level Annotations

Branches:
Dungeon (2/15)

Altars:
Cheibriados


Innate Abilities, Weirdness & Mutations

You are too large for most types of armour.
You have claws for hands.
Your metabolism is lightning-fast.
You like to eat raw meat.
Your natural rate of healing is unusually fast.
You are covered in fur. (AC +1)
You have very tough skin. (AC +2)


Message History

You are too injured to fight recklessly!
You are too injured to fight recklessly!
You are too injured to fight recklessly!
You are too injured to fight recklessly!
You are too injured to fight recklessly!
You are too injured to fight recklessly!
You are too injured to fight recklessly!
You are too injured to fight recklessly!
You are too injured to fight recklessly!
You are too injured to fight recklessly!
You are too injured to fight recklessly!
You are too injured to fight recklessly!
You are too injured to fight recklessly!
The gnoll hits you from afar with a spear.
* * * LOW HITPOINT WARNING * * *
The gnoll hits you from afar with an enchanted spear.
* * * LOW HITPOINT WARNING * * *
There is a stone staircase leading down here.
The gnoll hits you from afar with a spear!
You die...

.....###....########...
.......#.....##........
.......#.....#.........
.......#.....#.......
..########...#...g# ..#
#####...#..g.#
..####...#...#).gg#
..##.....#...#....######
....._..........@......#
...........)...........#
..###...............#..####
..###'####................#
#........#................#
#........#................####
+.............###...##.......#
#........###........###..###.#
......######..###.#.# ##.# #.#


You could see 4 gnolls.

Vanquished Creatures
  2 adders (D:2)
  2 worms (D:2)
  A dart slug (D:2)
  A leopard gecko (D:2)
  2 giant cockroaches
  3 goblins (D:1)
  7 hobgoblins
  3 ball pythons (D:1)
  6 bats (D:1)
  3 frilled lizards
  7 kobolds
  4 rats
41 creatures vanquished.

Notes
Turn   | Place    | Note
-------+----------+-------------------------------------------
     0 | D:1      | mopl the Troll Wanderer began the quest for the Orb.
     0 | D:1      | mopl set off with: a book of Battle, the Compendium of Air, Soblayj's Collected Works on Translocation, a +0 robe, a +0 club, a +0 dagger, 2 bread rations
     0 | D:1      | Reached XP level 1. HP: 19/19 MP: 1/1
     2 | D:1      | Identified the Compendium of Air
     2 | D:1      | Identified Soblayj's Collected Works on Translocation
     4 | D:1      | Learned a level 1 spell: Apportation
   171 | D:1      | Reached XP level 2. HP: 27/27 MP: 2/2
   357 | D:1      | Reached skill level 2 in Unarmed Combat
   484 | D:1      | Reached skill level 1 in Throwing
   806 | D:1      | Reached XP level 3. HP: 33/33 MP: 3/3
  1106 | D:2      | Found a snail-covered altar of Cheibriados.
  1375 | D:2      | Slain by a gnoll

Vault maps used:
D:1:      evilmike_arrival_fibonacci_small, minmay_shallow_snake_nest
D:2:      cheibriados_altar_1

Skill      XL: |  1  2 |
---------------+-------+-----
Unarmed Combat | 2 |  2.6
Throwing       | 1 |  1.4
Fighting       | |  1.9
Stealth        | |  1.0
Shields        | |  1.0
Spellcasting   | |  1.2
Charms         | |  1.0
Ice Magic      | |  1.3

Action                   || total
-------------------------++-------
Melee: Unarmed           ||   130
       Punch             ||     2
 Stab: Sleeping          ||     2
  Eat: Chunk             ||    18
Armor: Robe              ||    55
Dodge: Dodged            ||    86
